 Dungeon Crawl Stone Soup version 0.17-a0-896-g249456b (webtiles) character file.

784 hornqvist the Chopper (level 8, 0/87 HPs)
             Began as a Formicid Fighter on May 1, 2015.
             Killed by divine providence
             ... invoked by an orc priest
              (11 damage)
             ... on level 4 of the Dungeon.
             The game lasted 00:03:32 (2813 turns).

hornqvist the Chopper (Formicid Fighter)            Turns: 2813, Time: 00:03:33

Health: 0/87       AC: 24    Str: 28    XL:     8   Next: 11%
Magic:  8/8        EV:  2    Int:  8    God:
Gold:   127        SH: 10    Dex: 10    Spells: 0 memorised, 7 levels left

rFire  . . .     SeeInvis .     a - +0 war axe
rCold  . . .     Clarity  .     (armour currently unavailable)
rNeg   + + +     SustAb   .     c - +0 shield
rPois  +         Gourm    .     (helmet unavailable)
rElec  .         Spirit   .     (cloak currently unavailable)
rCorr  .         Warding  .     (gloves currently unavailable)
rMut   .         Stasis   +     (boots currently unavailable)
MR     .....                    (no amulet)
Stlth  +.........               (no ring)
                                g - +3 ring of evasion

@: mighty, tree-form, drained, not resistant to hostile enchantments, very
unstealthy
A: permanent stasis, dig shafts and tunnels, four strong arms, (antennae 0)
a: no special abilities


You were on level 4 of the Dungeon.
You were not hungry.
You were a tree.
You visited 1 branch of the dungeon, and saw 4 of its levels.

You collected 127 gold pieces.

Inventory:

Hand weapons
 a - a +0 war axe (weapon)
Armour
 c - a +0 shield (worn)
 x - a +0 plate armour (melded)
Jewellery
 g - a +3 ring of evasion (left branch)
Scrolls
 i - 2 scrolls of enchant weapon {unknown}
 k - 5 scrolls of noise {unknown}
 l - 2 scrolls of immolation {unknown}
 m - 3 scrolls of blinking {unknown}
 n - a scroll of enchant armour {unknown}
 o - 5 scrolls of identify {unknown}
 p - 5 scrolls of teleportation {unknown}
 q - a scroll of recharging {unknown}
 s - 2 scrolls of amnesia {unknown}
 t - a scroll of magic mapping {unknown}
 w - a scroll of remove curse {unknown}
 y - a scroll of fog {unknown}
Potions
 d - a potion of might
 h - a potion of lignification
 j - a potion of agility
 r - 2 potions of brilliance {unknown}
 A - a potion of flight {unknown}
 B - a potion of berserk rage {unknown}
Comestibles
 b - 3 chunks of flesh
 e - 4 bread rations
 f - a meat ration
 u - 7 fruits
 v - a royal jelly
 z - a beef jerky


   Skills:
 - Level 3.2(2.4) Fighting
 * Level 6.3(5.3) Axes
 - Level 3.2(2.4) Armour
 + Level 3.6(2.7) Dodging
 + Level 6.1(5.1) Shields


You had 7 spell levels left.
You didn't know any spells.

Dungeon Overview and Level Annotations

Branches:
Dungeon (4/15)
 Temple: D:4-7

Altars:
Cheibriados
Fedhas
Kikubaaqudgha
Makhleb
Ru


Innate Abilities, Weirdness & Mutations

You are under a permanent stasis effect.
You can dig through walls and to a lower floor.
Your four strong arms can wield two-handed weapons with a shield.
((You have a pair of large antennae on your head (SInv).))


Message History

You closely miss the orc. You block the orc's attack.
The orc priest calls down the wrath of Beogh upon you.
Something smites you!
* * * LOW HITPOINT WARNING * * *
The orc wizard hits you but does no damage.
You feel drained. The orc closely misses you.
Drink which item? (? for menu, Esc to quit)
It was a potion of lignification.
You turn into a tree.
Your +0 plate armour melds into your body.
Your roots penetrate the ground.
You block the orc's attack.
The orc priest hits you but does no damage.
The orc wizard hits you but does no damage.
You block the orc's attack.
You now have 11/87 hp.
Drink which item? (? for menu, Esc to quit)
You feel very mighty all of a sudden. You block the orc's attack.
The orc priest calls down the wrath of Beogh upon you.
Something smites you!
You die...

### ... ..###
......... ....###
...........
......#
............#
......##
#.......?....#
.......#
#.....?......#
.......#
#...........#
......##
#...ooo...#
......# #.o♣..>#
........##
##)...##
...###....##
##..## ..##
##....#####.##
.##
##.......##...#
##
##.............#
#
##...........####
###...........##
.#.............##


You could see an orc priest, an orc wizard and 2 orcs.

Vanquished Creatures
  Sigmund (D:2)
  Duvessa (D:4)
  A phantom (D:4)
  Dowan (D:4)
  A scorpion (D:4)
  2 hounds
  A worker ant (D:4)
  Jessica (D:2)
  An orc wizard (D:3)
  The ghost of Viceroy the Firebug, a weakling DEFE (D:3)
  Robin (D:2)
  7 adders
  An ooze (D:1)
  3 worms
  6 orcs
  5 ball pythons
  5 bats
  7 giant cockroaches
  19 goblins
  12 hobgoblins
  4 jackals
  A quokka (D:3)
  A giant gecko (D:2)
  4 giant newts
  10 kobolds
  7 rats
104 creatures vanquished.

Notes
Turn   | Place    | Note
--------------------------------------------------------------
     0 | D:1      | hornqvist, the Formicid Fighter, began the quest for the Orb.
     0 | D:1      | Reached XP level 1. HP: 18/18 MP: 1/1
   360 | D:1      | Reached XP level 2. HP: 21/24 MP: 2/2
   811 | D:1      | Reached XP level 3. HP: 29/29 MP: 3/3
   815 | D:1      | Reached skill level 1 in Dodging
   910 | D:2      | Noticed Robin
   920 | D:2      | Killed Robin
   920 | D:2      | Reached skill level 4 in Shields
   922 | D:2      | Reached XP level 4. HP: 27/35 MP: 4/4
  1046 | D:2      | Noticed Jessica
  1050 | D:2      | Killed Jessica
  1291 | D:2      | Reached XP level 5. HP: 35/41 MP: 5/5
  1478 | D:2      | Noticed Sigmund
  1485 | D:2      | Killed Sigmund
  1485 | D:2      | Reached XP level 6. HP: 25/47 MP: 6/6
  1599 | D:3      | Found an ancient bone altar of Kikubaaqudgha.
  1631 | D:3      | Reached skill level 5 in Shields
  1776 | D:3      | Reached skill level 5 in Axes
  1788 | D:3      | Found a burning altar of Makhleb.
  1837 | D:3      | Found a snail-covered altar of Cheibriados.
  1984 | D:3      | Found a sacrificial altar of Ru.
  1990 | D:3      | Reached XP level 7. HP: 50/52 MP: 7/7
  2059 | D:3      | Noticed Viceroy's ghost (weakling DEFE)
  2077 | D:3      | Killed Viceroy's ghost
  2627 | D:4      | Found a blossoming altar of Fedhas.
  2669 | D:4      | Noticed Dowan
  2671 | D:4      | Noticed Duvessa
  2686 | D:4      | Killed Duvessa
  2686 | D:4      | Reached skill level 6 in Axes
  2686 | D:4      | Reached XP level 8. HP: 18/58 MP: 8/8
  2695 | D:4      | Killed Dowan
  2813 | D:4      | Killed from afar by an orc priest

Action                   |  1- 3 |  4- 6 |  7- 9 || total
-------------------------+-------+-------+-------++-------
Melee: War axe           |    69 |   111 |   125 ||   305
  Use: Potion            |       |       |     3 ||     3
  Eat: Chunk             |       |     4 |     3 ||     7
